 Dungeon Crawl Stone Soup version 0.27-a0-334-g52645efa06 (webtiles) character file.

Game seed: 8082095178388086381

20951 sahdkjhfkaj the Grappler (level 12, -1/115 (119) HPs)
             Began as a Troll Fighter on Feb 13, 2021.
             Was an Initiate of Gozag.
             Succumbed to a death drake's dark miasma
             ... in a Gauntlet.
             The game lasted 00:27:18 (12996 turns).

sahdkjhfkaj the Grappler (Troll Fighter)           Turns: 12996, Time: 00:27:18

HP:   -1/115 (119)  AC: 20    Str: 34    XL:     12   Next: 49%
MP:   11/11         EV:  2    Int:  7    God:    Gozag
Gold: 1914          SH: 22    Dex: 14    Spells: 11/11 levels left

rFire    + . .     SeeInvis .     - Unarmed
rCold    + + .     Faith    +   r - +3 tower shield
rNeg     . . .     Spirit   .   y - +1 gold dragon scales of the Ancient Runes {rPois rF+ rC+ Dex+5}
rPois    +         Reflect  .   (helmet restricted)
rElec    +         Harm     .   (no cloak)
rCorr    +         Rampage  .   (gloves unavailable)
Will     .....     NoTele   +   (boots unavailable)
Stlth    ..........             I - amulet of Imiread {Faith rElec rC+}
HPRegen  0.69/turn              s - +6 ring of strength
MPRegen  0.12/turn              t - ring of resist corrosion

@: lethally poisoned (-1 -> -5), slowed, lightly drained, very slow
A: large, unfitting armour, claws 3, regeneration 1, shaggy fur 1, tough skin 3
a: Renounce Religion, Potion Petition, Call Merchant, Bribe Branch


You were in a Gauntlet.
You worshipped Gozag.
Gozag was most pleased with you.
You visited 3 branches of the dungeon, and saw 14 of its levels.
You also visited: Bailey and Gauntlet.

You collected 3749 gold pieces.
You spent 1322 gold pieces at shops.
You paid 513 gold pieces to Gozag.

Inventory:

Hand Weapons
 a - a +1 whip of freezing
 b - a +3 morningstar
Missiles
 C - 7 curare-tipped darts
 E - 4 silver javelins (quivered)
 K - 4 large rocks
 L - 8 javelins
Armour
 r - a +3 tower shield (worn)
 y - the +1 gold dragon scales of the Ancient Runes (worn) {rPois rF+ rC+ Dex+5}
   (You bought it in a shop on level 1 of the Lair of Beasts)

   It affects your dexterity (+5).
   It protects you from fire.
   It protects you from cold.
   It protects you from poison.
 N - the +2 cloak of Hedging {Int+4, unknown}
   (You found it in a Gauntlet)

   It affects your intelligence (+4).
Jewellery
 f - a ring of magical power
 n - a ring of see invisible
 q - a ring of protection from cold
 s - a +6 ring of strength (left claw)
 t - a ring of resist corrosion (right claw)
 H - a ring of ice
 I - the amulet of Imiread (around neck) {Faith rElec rC+}
   (You found it on level 8 of the Dungeon)

   [amulet of faith]

   It allows you to gain divine favour quickly.
   It protects you from cold.
   It insulates you from electricity.
 M - a ring of flight {unknown}
Wands
 p - a wand of polymorph (6)
 B - a wand of digging (7)
 D - a wand of paralysis (8)
Scrolls
 d - 10 scrolls of teleportation {!r}
 h - 4 scrolls of fear {!r}
 j - 2 scrolls of magic mapping {!r}
 l - 3 scrolls of amnesia {!r}
 m - 2 scrolls of enchant weapon {!r}
 u - a scroll of immolation {!r}
 w - a scroll of fog {!r}
 G - a scroll of silence {!r}
 J - a scroll of blinking {!r}
Potions
 c - 2 potions of might {!q}
 e - a potion of berserk rage {!q, unknown}
 g - a potion of invisibility {!q}
 k - a potion of curing {!q}
 o - a potion of flight {!q, unknown}
 v - a potion of haste {!q, unknown}
 x - 2 potions of resistance {!q}
 z - 2 potions of lignification {!q, unknown}
 A - 2 potions of attraction {!q}
 F - a potion of mutation {!q, unknown}


   Skills:
 - Level 7.9 Fighting
 + Level 6.0 Throwing
 - Level 5.5 Armour
 - Level 2.4 Dodging
 - Level 7.8 Shields
 - Level 12.4 Unarmed Combat
 - Level 5.0 Evocations


You had 11 spell levels left.
You didn't know any spells.
Your spell library contained the following spells:

 Spells                   Type           Power        Failure   Level
 Beastly Appendage        Tmut           0%           100%        1
 Shock                    Conj/Air       0%           100%        1
 Swiftness                Air            0%           100%        2
 Wereblood                Tmut           0%           100%        2
 Spider Form              Tmut/Pois      0%           100%        3
 Static Discharge         Conj/Air       0%           100%        3
 Airstrike                Air            0%           100%        4
 Cause Fear               Hex            0%           100%        4
 Ice Form                 Ice/Tmut       0%           100%        4
 Blade Hands              Tmut           0%           100%        5
 Lightning Bolt           Conj/Air       0%           100%        5
 Silence                  Hex/Air        0%           100%        5
 Yara's Violent Unravell  Hex/Tmut       0%           100%        5
 Discord                  Hex            0%           100%        8


Dungeon Overview and Level Annotations

Branches:
Dungeon (10/15)            Temple (1/1) D:4            Lair (3/6) D:9
  Swamp (0/4) Lair:2        Snake (0/4) Lair:2       Bailey (visited)
Gauntlet (1/1)
    Orc: D:9-12

Altars:
Ashenzari
Cheibriados
Dithmenos
Elyvilon
Fedhas
Gozag
Hepliaklqana
Kikubaaqudgha
Makhleb
Nemelex Xobeh
Okawaru
Qazlal
Ru
Sif Muna
Trog
Uskayaw
Vehumet
Wu Jian
Xom
Yredelemnul
Zin
The Shining One

Shops:
D:4 ?   Lair:1 [

Annotations:
Gauntlet 7 transporters


Innate Abilities, Weirdness & Mutations

You are too large for most types of armour.
You have claws for hands.
Your natural rate of healing is unusually fast.
You are covered in fur. (AC +1)
You have extremely tough skin. (AC +3)


Message History

Unknown command.
Unknown command.
Unknown command.
Unknown command.
Unknown command.
Unknown command.
Unknown command.
Unknown command.
Unknown command.
Unknown command.
Unknown command.
Unknown command.
Unknown command.
Unknown command.
Unknown command.
Unknown command.
Unknown command.
Unknown command.
Unknown command.
Unknown command.
Unknown command.
Unknown command.
Really quaff
i - a potion of heal wounds {!q}?
You feel much better.
You block the centaur warrior zombie's attack.
The death drake breathes miasma at you. The foul vapour engulfs you!
* * * LOW HITPOINT WARNING * * *
The spectral centaur warrior hits you but does no damage.
The centaur warrior zombie hits you.
* * * LOW HITPOINT WARNING * * *
You block the death drake's attack.
You block the spectral centaur warrior's attack.
You closely miss the death drake.
The death drake is severely wounded.
You are engulfed in dark miasma.
You are poisoned.
* * * LOW HITPOINT WARNING * * *
You die...
Your body crumbles into a pile of gold.

....................#.....
#####..###########..#©...#
....#..##.......##..#....#
^##.#..#.#.....#.#..###..#
##.(#..#..#...#.$#..≈# ..#
#...####...#.#...#..## .#
#..©#©©#..Z©#.°°°#..≈#
#...####...#.#.kZ#..##
##^.#..#..#...#Z@#..§#
^##.#..#.#....°#°#..##
....#..##......°##..≈#
#####..###########..##
....................≈#
.........§..........##
≈#§#≈#§#≈#§#§#≈#§#≈##
####################


You could see a death drake (catching breath), a spectral centaur warrior and a
centaur warrior zombie.

Vanquished Creatures
  Fannar (D:10)
  A great orb of eyes (Lair:1)
  2 hydras
  An unseen horror (D:10)
  Pikel (D:5)
  A lindwurm (Lair:1)
  An orc knight (Bailey)
  A cyclops (D:10)
  2 oklob plants (Lair:2)
  2 black mambas (Lair:2)
  4 cane toads
  3 komodo dragons
  A yaktaur (D:10)
  2 trolls (D:10)
  3 shadows (Gauntlet)
  Sigmund (D:6)
  14 yaks
  3 small abominations (Gauntlet)
  2 basilisks (Lair:1)
  Grum (D:9)
  Menkaure (D:6)
  Duvessa (D:4)
  3 nagas (Lair:2)
  11 water moccasins
  7 ice beasts
  2 sky beasts
  9 orc warriors
  A black bear (D:10)
  A necrophage (D:5)
  2 centaurs
  5 wolves
  4 ogres
  2 lemures (D:6)
  A phantom (D:7)
  13 bullfrogs
  A gnoll sergeant (D:10)
  Dowan (D:4)
  A scorpion (D:8)
  13 killer bees
  7 wights
  3 howler monkeys
  An electric eel (Lair:1)
  5 hounds
  3 bullfrog skeletons
  A centaur skeleton (D:10)
  3 jellies
  15 orc priests
  Ijyb (D:4)
  13 orc wizards
  5 worker ants
  7 iguanas
  Natasha (thrice) (D:3)
  A hound zombie (D:5)
  3 worker ant zombies
  Robin (D:4)
  A howler monkey skeleton (D:4)
  A howler monkey zombie (D:5)
  9 adders
  5 gnolls
  2 shadow imps
  4 ufetubi
  3 oozes
  4 worms
  3 dart slugs
  9 leopard geckos
  48 orcs
  6 giant cockroaches
  16 goblins
  8 hobgoblins
  20 jackals
  8 quokkas
  A ball python (D:5)
  4 bats
  6 frilled lizards
  A giant cockroach zombie (D:5)
  A goblin zombie (D:6)
  A jackal skeleton (D:5)
  2 kobolds
  2 quokka zombies (D:9)
  6 rats
369 creatures vanquished.

Vanquished Creatures (others)
  2 orcs (D:10)
  10 fungi
  35 plants
47 creatures vanquished.

Grand Total: 416 creatures vanquished

Notes
Turn   | Place    | Note
-------+----------+-------------------------------------------
     0 | D:1      | sahdkjhfkaj the Troll Fighter began the quest for the Orb.
     0 | D:1      | Reached XP level 1. HP: 22/22 MP: 0/0
   112 | D:1      | Reached XP level 2. HP: 29/29 MP: 1/1
   811 | D:2      | Reached XP level 3. HP: 36/36 MP: 2/2
   858 | D:2      | Reached skill level 3 in Unarmed Combat
  1310 | D:3      | Noticed Natasha
  1340 | D:3      | Killed Natasha
  1341 | D:3      | Reached XP level 4. HP: 33/45 MP: 3/3
  1463 | D:3      | Noticed Natasha
  1470 | D:3      | Killed Natasha
  1471 | D:3      | Reached XP level 5. HP: 34/53 MP: 4/4
  1520 | D:3      | Noticed Natasha
  1527 | D:3      | Killed Natasha
  1528 | D:3      | Reached skill level 4 in Unarmed Combat
  1620 | D:3      | Noticed a centaur
  1627 | D:3      | Killed a centaur
  1926 | D:3      | Reached XP level 6. HP: 58/61 MP: 5/5
  2041 | D:4      | Noticed Ijyb
  2048 | D:4      | Killed Ijyb
  2054 | D:4      | Found Cufao's Magic Scroll Shop.
  2114 | D:4      | Noticed Robin
  2146 | D:4      | Reached skill level 5 in Unarmed Combat
  2205 | D:4      | Killed Robin
  2254 | D:4      | Noticed Duvessa
  2254 | D:4      | Noticed Dowan
  2304 | D:4      | Killed Duvessa
  2515 | D:4      | Killed Dowan
  2516 | D:4      | Reached XP level 7. HP: 63/68 MP: 6/6
  2721 | D:4      | Reached skill level 6 in Unarmed Combat
  2764 | D:4      | Found a staircase to the Ecumenical Temple.
  2774 | Temple   | Entered the Ecumenical Temple
  2858 | Temple   | Became a worshipper of Gozag Ym Sagoz the Greedy
  3070 | D:5      | Entered Level 5 of the Dungeon
  3304 | D:5      | Found a glowing drain.
  3461 | D:5      | Reached XP level 8. HP: 71/79 MP: 7/7
  3465 | D:5      | Reached skill level 7 in Unarmed Combat
  3477 | D:5      | Found a hazy altar of Hepliaklqana.
  3922 | D:6      | Noticed Sigmund
  3932 | D:6      | Killed Sigmund
  4031 | D:6      | Reached skill level 5 in Fighting
  4084 | D:6      | Reached skill level 5 in Shields
  4123 | D:6      | Reached skill level 8 in Unarmed Combat
  4310 | D:6      | Noticed Pikel
  4354 | D:5      | Killed Pikel
  4355 | D:5      | Reached skill level 9 in Unarmed Combat
  4355 | D:5      | Reached XP level 9. HP: 69/89 MP: 8/8
  4479 | D:6      | Noticed Menkaure
  4624 | D:6      | Killed Menkaure
  5638 | D:7      | Reached skill level 10 in Unarmed Combat
  5712 | D:7      | Found a hide-covered altar of Uskayaw.
  6149 | D:8      | Got a clouded ruby amulet
  6168 | D:8      | Reached XP level 10. HP: 100/100 MP: 9/9
  6851 | D:9      | Identified the amulet of Imiread {Faith rElec rC+} (You
                  | found it on level 8 of the Dungeon)
  6982 | D:9      | Reached skill level 11 in Unarmed Combat
  7032 | D:9      | Found a staircase to the Lair.
  7222 | D:9      | Noticed Grum
  7243 | D:9      | Killed Grum
  7481 | D:10     | Entered Level 10 of the Dungeon
  7483 | D:10     | Noticed Sonja
  7484 | D:10     | Noticed Sonja
  7484 | D:10     | Sonja changed into Sonja the yaktaur
  7490 | D:10     | Killed Sonja the yaktaur
  7542 | D:10     | Killed an unseen horror
  7744 | D:10     | Reached skill level 12 in Unarmed Combat
  7822 | D:10     | Reached XP level 11. HP: 109/109 MP: 10/10
  8001 | D:10     | Found a flagged portal.
  8027 | Bailey   | Entered a bailey
  8042 | Bailey   | Noticed an orc knight
  8073 | Bailey   | Killed an orc knight
  8074 | Bailey   | Reached skill level 1 in Evocations
  8774 | D:10     | Noticed Fannar
  8803 | D:10     | Killed Fannar
  9007 | D:10     | Reached skill level 5 in Evocations
  9089 | Lair:1   | Entered Level 1 of the Lair of Beasts
  9092 | Lair:1   | Bought the +1 gold dragon scales of the Ancient Runes
                  | {rPois rF+ rC+ Dex+5} for 1322 gold pieces
  9137 | Lair:1   | Reached skill level 1 in Armour
  9418 | Lair:1   | You fall into a shaft and drop 1 floor!
  9432 | Lair:2   | Noticed a four-headed hydra
  9434 | Lair:2   | Found a staircase to the Swamp.
  9434 | Lair:2   | Noticed a seven-headed hydra
  9484 | Lair:2   | Noticed an oklob plant
  9524 | Lair:2   | Reached skill level 5 in Armour
  9560 | Lair:2   | Found a staircase to the Snake Pit.
  9813 | Lair:1   | Killed a 14-headed hydra
  9814 | Lair:1   | Reached XP level 12. HP: 119/119 MP: 11/11
 10169 | Lair:1   | Reached skill level 1 in Throwing
 10209 | Lair:1   | Noticed a four-headed hydra
 10215 | Lair:1   | Noticed a great orb of eyes
 10215 | Lair:1   | a four-headed hydra changed into a great orb of eyes
 10218 | Lair:1   | Paralysed by a great orb of eyes for 3 turns
 10229 | Lair:1   | Killed a great orb of eyes
 11487 | Lair:2   | Found a staircase to the Swamp.
 11618 | Lair:2   | Found a staircase to the Snake Pit.
 11982 | Lair:2   | Killed a seven-headed hydra
 12612 | Lair:3   | Reached skill level 5 in Throwing
 12647 | Lair:3   | Found a gate leading to a gauntlet.
 12662 | Gauntlet | Entered a Gauntlet
 12662 | Gauntlet | Found a transporter.
 12662 | Gauntlet | Found a transporter.
 12662 | Gauntlet | Found a transporter.
 12741 | Gauntlet | Found a transporter.
 12744 | Gauntlet | Found a transporter.
 12752 | Gauntlet | Found a transporter.
 12755 | Gauntlet | Found a transporter.
 12760 | Gauntlet | Noticed an entropy weaver
 12763 | Gauntlet | Found a transporter.
 12781 | Gauntlet | Found a transporter.
 12798 | Gauntlet | Found a transporter.
 12801 | Gauntlet | Found a transporter.
 12812 | Gauntlet | Found a transporter.
 12978 | Gauntlet | Got a brightly glowing cloak
 12990 | Gauntlet | HP: 4/119 [death drake] (16)]
 12996 | Gauntlet | HP: 1/115 [death drake] (17)]
 12996 | Gauntlet | Succumbed to a death drake's dark miasma

Illustrated notes

Levels and vault maps discovered:
D:1:      amcnicky_arrival_single_pillar, layout_loops_ring
D:2:      layout_rooms
D:3:      minmay_door_path, layout_basic, uniq_natasha
D:4:      layout_basic, temple_hall, serial_shops, shop, uniq_ijyb, uniq_robin,
          uniq_duvessa
D:5:      layout_rooms, kennysheep_little_box, cheibrodos_sewer_entry_sluice
D:6:      layout_rooms, enter_ossuary_4, serial_co_window_serial,
          co_window_corner_a, co_window_corner_a, co_window_paths_a,
          co_window_paths_a, co_window_corner_a, co_window_cross_1,
          co_window_corner_cb, co_window_cross_3, co_window_cross_4,
          co_window_broadway_a, co_window_broadway_a, glass_columns_a,
          uniq_pikel, uniq_sigmund, uniq_menkaure
D:7:      layout_rooms, basic_altar, minmay_crossroads
D:8:      layout_basic
D:9:      layout_loops_cross, david_lair_shrubbed, uniq_grum
D:10:     minmay_razor_zed, layout_small_grid, enter_bailey_2, uniq_fannar,
          uniq_sonja
Temple:   dpeg_three_leaves_temple
Lair:1:   wad_woods_04, layout_gridlike
Lair:2:   layout_chaotic_city, minmay_swamp_entry_reptiles,
          minmay_snake_entry_guardpost_small, minmay_lair_oklob_chamber
Lair:3:   regret_index_tunnel_blossom, layout_gridlike, gauntlet_entry_generic,
          chequers_serial_rivers_room_b, lemuel_fruit_tree, uniq_snorg,
          uniq_nergalle
Gauntlet: minmay_gauntlet_mixed_big_or_small [gammafunk_gauntlet_arena_grid,
          minmay_gauntlet_arena_77_hold_the_fort,
          gammafunk_gauntlet_arena_split_x,
          minmay_gauntlet_arena_77_broken_ladder, nicolae_gauntlet_arena_x,
          minmay_gauntlet_arena_77_two_paths, gauntlet_exit_spiral]

Skill      XL: |  1  2  3  4  5  6  7  8  9 10 11 12 |
---------------+-------------------------------------+-----
Unarmed Combat | 3 4 5 6 9 10 12 | 12.4
Fighting       | 3 4 5 6 7 |  7.9
Shields        | 3 4 5 6 7 |  7.8
Evocations     | 5 |  5.0
Armour         | 5 |  5.5
Throwing       | 6 |  6.0
Dodging        | |  2.4

Action                   |  1- 3 |  4- 6 |  7- 9 | 10-12 || total
-------------------------+-------+-------+-------+-------++-------
Melee: Unarmed           |   110 |   163 |   404 |   547 ||  1224
       Whip              |       |       |       |    12 ||    12
       Morningstar       |       |       |       |     6 ||     6
Throw: Javelin           |       |       |       |     1 ||     1
Invok: Call Merchant     |       |       |       |     1 ||     1
Evoke: Wand              |       |       |       |    11 ||    11
  Use: Scroll            |     3 |     1 |     7 |    11 ||    22
       Potion            |       |       |       |     6 ||     6
 Stab: Sleeping          |     1 |       |       |       ||     1
       Distracted        |       |       |     1 |     6 ||     7
       Paralysed         |       |       |       |    10 ||    10
Armor: Robe              |    36 |    41 |    77 |    60 ||   214
       Gold dragon scale |       |       |       |   188 ||   188
Dodge: Dodged            |    32 |    52 |    82 |    87 ||   253
Block: Kite shield       |    37 |    62 |    33 |       ||   132
       Tower shield      |       |       |   287 |   695 ||   982

Table legend: (Time is in decaauts)
 A = Elapsed time spent in this place.
 B = Non-inter-level travel time spent in this place.
 C = Inter-level travel time spent in this place.
 D = Time resting spent in this place.
 E = Time spent auto-exploring this place.
 F = Levels seen in this place.
 G = Mean time per level.
                   A        B        C        D        E       F      G
               +--------+--------+--------+--------+--------+-----+--------+
         Total |  13151 |  11949 |   1202 |    317 |   8380 |  16 |  821.9 |
       Dungeon |   9359 |   8407 |    952 |    207 |   5876 |  10 |  935.9 |
        Temple |     92 |     85 |      7 |      0 |     64 |   1 |   92.0 |
          Lair |   3074 |   2831 |    243 |      0 |   2198 |   3 | 1024.7 |
        Bailey |    285 |    285 |      0 |    110 |      0 |   1 |  285.0 |
      Gauntlet |    339 |    339 |      0 |      0 |    242 |   1 |  339.0 |
               +--------+--------+--------+--------+--------+-----+--------+

Top non-repeatable levels by time:
  Lair:2: 1616 daAuts
    D:10: 1408 daAuts
  Lair:1: 1374 daAuts
     D:6: 1352 daAuts
     D:3: 993 daAuts
     D:4: 949 daAuts
     D:9: 927 daAuts
     D:8: 874 daAuts
     D:7: 873 daAuts
     D:5: 815 daAuts
     D:1: 801 daAuts
     D:2: 364 daAuts
Gauntlet: 339 daAuts
  Bailey: 285 daAuts
  Temple: 92 daAuts
